 Dungeon Crawl Stone Soup version 0.27.1 (webtiles) character file.

Game seed: 12144198411151190447

37 MajorAdolf the Chopper (level 3, 0/28 HPs)
             Began as a Naga Wanderer on Aug 26, 2021.
             Slain by an adder (2 damage)
             ... on level 2 of the Dungeon.
             The game lasted 00:02:56 (2010 turns).

MajorAdolf the Chopper (Naga Wanderer)              Turns: 2010, Time: 00:02:56

Health: 0/28       AC:  2    Str: 13    XL:     3   Next: 41%
Magic:  6/6        EV:  9    Int: 12    God:
Gold:   68         SH:  0    Dex: 12    Spells: 5/6 levels left

rFire    + . .     SeeInvis +   a - +3 hand axe
rCold    + . .     Faith    .   (no shield)
rNeg     . . .     Spirit   .   d - +0 robe
rPois    +         Reflect  .   (no helmet)
rElec    +         Harm     .   (no cloak)
rCorr    +         Rampage  .   (no gloves)
Will     .....                  (no barding)
Stlth    +.........             (no amulet)
HPRegen  0.09/turn              (no ring)
MPRegen  0.10/turn              (no ring)

@: brilliant, about to teleport, resistant, attractive, very slow
A: AC +1, large, see invisible, deformed body, poison resistance, slowness 2,
spit poison 1, naga tail 1
a: Spit Poison


You were on level 2 of the Dungeon.
You visited 1 branch of the dungeon, and saw 3 of its levels.

You collected 68 gold pieces.

Inventory:

Hand Weapons
 a - a +3 hand axe (weapon)
Armour
 d - a +0 robe (worn)
Jewellery
 h - a ring of fire
 j - a ring of ice
 l - a +4 ring of evasion
Scrolls
 f - a scroll of amnesia
 o - a scroll of enchant armour {unknown}
 p - a scroll of noise {unknown}
Potions
 i - a potion of resistance
 m - a potion of brilliance
Miscellaneous
 c - a piece from Xom's chessboard (15/15)


   Skills:
 - Level 3.0 Axes
 - Level 1.0 Throwing
 - Level 1.5 Armour
 - Level 2.0 Spellcasting
 + Level 3.0 Conjurations
 - Level 1.0 Fire Magic
 - Level 1.0 Evocations


You had 5 spell levels left.
You knew the following spells:

 Your Spells              Type           Power      Damage    Failure   Level
a - Magic Dart            Conj           48%        1d5       8%          1

Your spell library contained the following spells:

 Spells                   Type           Power      Damage    Failure   Level
 Call Imp                 Summ           1%         N/A       38%         2
 Stone Arrow              Conj/Erth      14%        3d7       41%         3
 Mephitic Cloud           Conj/Pois/Air  5%         N/A       47%         3
 Animate Armour           Summ/Erth      2%         N/A       95%         4
 Lehudib's Crystal Spear  Conj/Erth      3%         10d3      100%        8


Dungeon Overview and Level Annotations

Branches:
Dungeon (3/15)

Altars:


Innate Abilities, Weirdness & Mutations

Your serpentine skin is tough. (AC +1)
You have supernaturally acute eyesight. (SInv)
Armour fits poorly on your strangely shaped body.
Your system is resistant to poisons. (rPois)
You cover ground very slowly.
You can spit poison.
You have a snake-like lower body.


Message History

The adder misses you. The goblin hits you with a +0 club.
* * * LOW HITPOINT WARNING * * *
Cleave: a) +2 hand axe
Press: ? - help, Dir - move target, f - goblin
Aim: a goblin, wielding a +0 club (about 45% to evade your +2 hand axe)
Okay, then.
The adder barely misses you. The goblin hits you with a +0 dagger.
* * * LOW HITPOINT WARNING * * *
Unknown command.
The goblin closely misses you. The adder barely misses you.
The goblin hits you with a +0 club.
* * * LOW HITPOINT WARNING * * *
The adder barely misses you. The goblin hits you with a +0 dagger.
* * * LOW HITPOINT WARNING * * *
The adder barely misses you.
Okay, then.
Okay, then.
It was a potion of resistance.
You feel protected. The adder bites you but does no damage.
It was a potion of attraction.
You feel attractive to monsters. The adder closely misses you.
The adder barely misses you.
It was a potion of brilliance.
You feel clever all of a sudden. The adder barely misses you.
As you read the scroll labelled RILYIX HOYRGH, it crumbles to dust.
It is a scroll of enchant weapon.
Your +2 hand axe glows red for a moment.
The adder barely misses you.
Unknown command.
As you read the scroll labelled SORPHI PEITT, it crumbles to dust.
You feel strangely unstable.
It was a scroll of teleportation.
The adder bites you.
* * * LOW HITPOINT WARNING * * *
The adder barely misses you.
Unknown command.
The adder bites you.
You die...

# #.......# #... # #####'#####.#
#... ######....#....#.# #...
#....#..≈≈#≈≈..#.# ########...
.....#....#....#.# #..........
...<.#....#....#.#### #.######...
.....#.≈≈≈_≈≈≈.#....###..........
.....#....#....#...............##
.....#....#....#@.###.##.......##
.....#..≈≈#≈≈..#S## #.......)....
.....#....#[...#g# ####........#
.....#####'#####.#######......).#
....#..###......g.......>.....#.#
....#...#####.#....(..)#.........
...##......##.......##...........
...######......>.....#.##.####.##
....# #.................# ##...


You could see an adder and 2 goblins.

Vanquished Creatures
  An adder (D:2)
  2 worms (D:2)
  An orc (D:2)
  A bat (D:1)
  2 endoplasms
  A giant cockroach (D:1)
  3 goblins (D:1)
  A quokka (D:2)
  4 ball pythons (D:1)
  5 frilled lizards
  A kobold (D:2)
  3 rats
25 creatures vanquished.

Notes
Turn   | Place    | Note
-------+----------+-------------------------------------------
     0 | D:1      | MajorAdolf the Naga Wanderer began the quest for the Orb.
     0 | D:1      | MajorAdolf set off with the following items: a +2 hand axe,
                  | a potion of curing, a piece from Xom's chessboard (15/15),
                  | a +0 robe
     0 | D:1      | Reached XP level 1. HP: 15/15 MP: 3/3
    15 | D:1      | Learned a level 1 spell: Magic Dart
   115 | D:1      | Reached skill level 1 in Conjurations
   306 | D:1      | Reached XP level 2. HP: 22/22 MP: 1/5
  1279 | D:2      | Reached XP level 3. HP: 28/28 MP: 0/6
  1852 | D:2      | Found a faded altar of an unknown god.
  1964 | D:3      | Noticed a +0 short sword
  1965 | D:3      | Noticed a +0 falchion
  1965 | D:3      | Noticed a +0 spear
  1965 | D:3      | Noticed a +0 short sword
  1965 | D:3      | Noticed a +0 falchion
  1965 | D:3      | Noticed a +0 spear
  1965 | D:3      | Noticed a +0 dagger
  1966 | D:3      | Noticed a +0 dagger
  2008 | D:2      | HP: 1/28 [adder (1)]
  2010 | D:2      | Slain by an adder

Illustrated notes

Levels and vault maps discovered:
D:1:      minmay_arrival_semitransparent, layout_loops_ring
D:2:      layout_rooms, shapermc_ecumenical_altar_notcrosses, serial_glass,
          glass_columns_b, glass_columns_a, chequers_serial_rivers_small_a
D:3:      layout_basic, grunt_qazlal_clouds, overflow_temple_1_default,
          nicolae_uskayaw_en_pointe, serial_shops, nicolae_shop_stone,
          minmay_stone_trees_small, minmay_misc_feat_secret_circle,
          minmay_misc_feat_square, uniq_robin

Skill      XL: |  1  2  3 |
---------------+----------+-----
Conjurations   | 1 2 3 |  3.0
Axes           | |  3.0
Throwing       | |  1.0
Armour         | |  1.5
Spellcasting   | |  2.0
Fire Magic     | |  1.0
Evocations     | |  1.0

Action                   || total
-------------------------++-------
Melee: Hand axe          ||     9
 Cast: Magic Dart        ||    50
 Abil: Spit Poison       ||     7
Evoke: Piece from Xom's  ||     2
  Use: Potion            ||     5
       Scroll            ||     3
Armor: Robe              ||     7
Dodge: Dodged            ||    28
